 Dungeon Crawl Stone Soup version 0.28-a0-1143-gcf6077d4cc (webtiles) character file.

Game seed: 13547388214848279614

60 ytrimaz the Shield-Bearer (level 4, 0/37 HPs)
             Began as a Formicid Fighter on Dec 13, 2021.
             Succumbed to an adder's poison
             ... on level 2 of the Dungeon.
             The game lasted 00:01:05 (1069 turns).

ytrimaz the Shield-Bearer (Formicid Fighter)        Turns: 1069, Time: 00:01:06

Health: 0/37       AC:  7    Str: 22    XL:     4   Next: 25%
Magic:  4/4        EV:  9    Int:  8    God:
Gold:   39         SH:  4    Dex: 10    Spells: 3/3 levels left

rFire   . . .      SeeInvis +   a - +0 war axe
rCold   . . .      Faith    .   c - +0 buckler
rNeg    . . .      Spirit   .   b - +0 scale mail
rPois   .          Reflect  .   (helmet unavailable)
rElec   .          Harm     .   (no cloak)
rCorr   .          Rampage  .   (no gloves)
Will    .....                   (no boots)
Stlth   ..........              (no amulet)
HPRegen 0.12/turn               (no ring)
MPRegen 0.09/turn               (no ring)

@: lethally poisoned (0 -> -1)
A: permanent stasis, dig shafts and tunnels, antennae 3, four strong arms
a: Dig, Shaft Self


You were on level 2 of the Dungeon.
You visited 1 branch of the dungeon, and saw 2 of its levels.

You collected 39 gold pieces.

Inventory:

Hand Weapons
 a - a +0 war axe (weapon)
Armour
 b - a +0 scale mail (worn)
 c - a +0 buckler (worn)
Potions
 d - 2 potions of might


   Skills:
 * Level 3.7 Fighting
 + Level 2.6 Axes
 * Level 3.9 Armour
 * Level 4.3 Shields


You had 3 spell levels left.
You didn't know any spells.
Your spell library was empty.

Dungeon Overview and Level Annotations

Branches:
Dungeon (2/15)

Altars:
Elyvilon


Innate Abilities, Weirdness & Mutations

You cannot be hasted, slowed, berserked, paralysed or teleported.
You can dig through walls and to a lower floor.
You have a pair of large antennae on your head. (SInv)
Your four strong arms can wield two-handed weapons with a shield.


Message History

You kill the bat!
You hit the ball python.
You kill the ball python!
You feel sick.
You are no longer poisoned.
The adder bites you.
* * * LOW HITPOINT WARNING * * *
The adder closely misses you.
You have reached level 4!
You feel clever.
You barely miss the adder.
The adder is heavily wounded.
You hit the frilled lizard.
You kill the frilled lizard!
The adder bites you but does no damage. The adder bites you.
* * * LOW HITPOINT WARNING * * *
You are lethally poisoned!
The adder poisons you!
You closely miss the adder.
The adder is heavily wounded.
* * * LOW HITPOINT WARNING * * *
You feel very sick. You block the adder's attack.
A ball python comes into view.
Unknown command.
Unknown command.
Okay, then.
The ball python hisses angrily.
You slash the adder!
You kill the adder!
* * * LOW HITPOINT WARNING * * *
You feel sick.
* * * LOW HITPOINT WARNING * * *
You feel sick.
Unknown command.
Unknown command.
Found a quarterstaff.
* * * LOW HITPOINT WARNING * * *
You feel sick.
You die...

....#......... #.#
....)........ #.#
............ #.##.
#........... #.##.
#...........
#.##.##...........
#.##..............
#.###..#..@S......
.######)................
.......)###.............
......)).....†..........
######.)....._..........
#....##..............
####....................
#.......#####...........
..##...## #........#.


You could see a ball python.

Vanquished Creatures
  Robin (D:2)
  An adder (D:2)
  4 ball pythons
  8 bats
  5 endoplasms
  A giant cockroach (D:1)
  4 hobgoblins
  A quokka (D:1)
  2 frilled lizards
  5 goblins
  3 kobolds (D:1)
  3 rats
38 creatures vanquished.

Notes
Turn   | Place    | Note
-------+----------+-------------------------------------------
     0 | D:1      | ytrimaz the Formicid Fighter began the quest for the Orb.
     0 | D:1      | Reached XP level 1. HP: 18/18 MP: 1/1
   385 | D:1      | Reached XP level 2. HP: 24/24 MP: 2/2
   411 | D:1      | Reached skill level 4 in Shields
   737 | D:1      | Reached XP level 3. HP: 27/29 MP: 3/3
  1026 | D:2      | Found a white marble altar of Elyvilon.
  1028 | D:2      | Noticed Robin
  1044 | D:2      | Killed Robin
  1064 | D:2      | Reached XP level 4. HP: 7/37 MP: 4/4
  1068 | D:2      | HP: 1/37 [poisoned by an adder]
  1069 | D:2      | Succumbed to an adder's poison

Illustrated notes

Levels and vault maps discovered:
D:1:      psy_arrival_spokes, layout_basic
D:2:      layout_rooms, basic_altar, item_on_display_a, uniq_robin

Skill      XL: |  1  2 |
---------------+-------+-----
Shields        | 4 |  4.3
Fighting       | |  3.7
Axes           | |  2.6
Armour         | |  3.9

Action                   |  1- 3 |  4- 6 || total
-------------------------+-------+-------++-------
Melee: War axe           |    97 |     3 ||   100
  Use: Scroll            |     3 |       ||     3
Armor: Scale mail        |    80 |     1 ||    81
Dodge: Dodged            |    54 |       ||    54
Block: Buckler           |    49 |     1 ||    50

Table legend: (Time is in decaauts)
 A = Elapsed time spent in this place.
 B = Non-inter-level travel time spent in this place.
 C = Inter-level travel time spent in this place.
 D = Time resting spent in this place.
 E = Time spent auto-exploring this place.
 F = Levels seen in this place.
 G = Mean time per level.
                   A        B        C        D        E       F      G
               +--------+--------+--------+--------+--------+-----+--------+
         Total |   1108 |   1104 |      4 |      0 |    846 |   2 |  554.0 |
       Dungeon |   1108 |   1104 |      4 |      0 |    846 |   2 |  554.0 |
               +--------+--------+--------+--------+--------+-----+--------+

Top non-repeatable levels by time:
     D:1: 1047 daAuts
     D:2: 61 daAuts
